AoeStats
← [GDL] HANNIBAL

Arena

508915256Analyzed
2v2 RM · 8d ago on Sep 24, 2026· 58m 49s· 4 players
Game mode
Random Map
Map size
Medium (4 player)
Population
200
Speed
Normal
Resources
Standard
Victory
Conquest
Starting age
Dark Age
Ending age
Imperial Age
RankedLock teamsTeams togetherTeam positionsShared explorationLock speedFull tech treeHidden civsTurbo modeCheats
Victory
Defeat
🇲🇽 Danes · Mexico
1362
+10
🇲🇽 Hindustanis · Mexico
1073
+22
🇹🇷 Hindustanis · Türkiye
1223
-16
🇧🇷 Burgundians · Brazil
1211
-16
vascoduro
5:31 Double-Bit Axe
11:48 Feudal Age
10:14 Horse Collar
10:42 Stone Mining
13:00 Bow Saw
13:58 Loom
17:27 Castle Age
15:34 Heavy Plow
16:38 Stone Shaft Mining
17:02 Gold Mining
18:37 Gold Shaft Mining
19:37 Two-Man Saw
21:16 Forging
23:13 Scale Barding Armor
24:55 Iron Casting
25:31 Wheelbarrow
27:42 Chain Barding Armor
27:30 Fletching
28:31 Pikeman
30:40 Crossbowman
31:43 Fletching
31:53 Padded Archer Armor
35:21 Imperial Age
33:08 Bodkin Arrow
34:04 Hand Cart
34:57 Ballistics
35:24 Town Watch
35:22 Treadmill Crane
37:13 Chemistry
37:00 Bracer
38:20 Conscription
41:53 Blast Furnace
41:42 Leather Archer Armor
42:13 Masonry
43:37 Plate Barding Armor
44:46 Hoardings
44:40 Town Patrol
44:59 Scale Mail Armor
46:48 Elite Coustillier
49:49 Chain Mail Armor
50:15 Capped Ram
51:27 Plate Mail Armor
55:09 Light Cavalry
55:49 Husbandry
55:12 Elite Skirmisher
58:37 Hussar
345legolas345
9:03 Feudal Age
9:05 Loom
10:05 Horse Collar
12:18 Double-Bit Axe
16:27 Castle Age
19:29 Gold Mining
46:47 Wheelbarrow
54:31 Pikeman
[GDL] HANNIBAL
10:49 Feudal Age
15:15 Castle Age
13:12 Double-Bit Axe
14:12 Scale Mail Armor
14:33 Horse Collar
15:23 Arson
17:05 Town Watch
21:07 Bow Saw
23:12 Squires
25:03 Chain Mail Armor
26:05 Wheelbarrow
26:36 Forging
26:13 Gambesons
26:37 Heavy Plow
28:19 Pikeman
33:08 Gold Mining
35:38 Fletching
36:49 Iron Casting
43:36 Imperial Age
42:10 Gold Shaft Mining
43:01 Masonry
43:46 Halberdier
45:00 Plate Mail Armor
45:31 Hand Cart
45:32 Loom
45:49 Town Patrol
46:11 Conscription
46:55 Hamask
47:07 Elite Varangian Guard
50:11 Blast Furnace
55:31 Onager
57:14 Capped Ram
58:41 Siege Ram
Atila el tres
10:22 Feudal Age
14:50 Castle Age
14:23 Double-Bit Axe
15:40 Loom
19:28 Fletching
23:18 Scale Mail Armor
26:33 Horse Collar
28:19 Gold Mining
31:16 Stone Mining
37:14 Imperial Age
37:23 Masonry
38:06 Forging
40:31 Squires
41:39 Chemistry
44:55 Fortified Wall
46:07 Heavy Camel Rider
49:10 Bloodlines
51:17 Chain Mail Armor
53:51 Shatagni
Connection lost

Rejoining the realm…

Still unreachable

The connection could not be restored.

Session expired

The server has moved on; the page needs a fresh start.